 Dungeon Crawl Stone Soup version 0.28-a0-1087-gf3fc490d9d (webtiles) character file.

Game seed: 6760262776859585930

3108 yoda5477 the Cleaver (level 9, -4/64 HPs)
             Began as a Demonspawn Fighter on Dec 10, 2021.
             Was a Follower of Wu Jian.
             Shot with an arrow by a centaur warrior (20 damage)
             ... on level 8 of the Dungeon.
             The game lasted 00:47:02 (8501 turns).

yoda5477 the Cleaver (Demonspawn Fighter)           Turns: 8501, Time: 00:47:03

Health: -4/64      AC: 11    Str: 22    XL:     9   Next: 60%
Magic:  0/9        EV: 11    Int:  9    God:    Wu Jian [*.....]
Gold:   410        SH:  5    Dex: 12    Spells: 8/8 levels left

rFire   . . .      SeeInvis .   a - +0 war axe
rCold   . . .      Faith    .   c - +0 buckler
rNeg    . . .      Spirit   +   r - +0 acid dragon scales
rPois   .          Reflect  .   (helmet restricted)
rElec   .          Harm     .   k - +2 cloak
rCorr   +          Rampage  .   e - +0 pair of gloves {infuse}
Will    .....                   (no boots)
Stlth   ++........              t - amulet of guardian spirit
HPRegen 0.20/turn               (no ring)
MPRegen 0.11/turn               (no ring)

@: mighty, about to teleport, studying Unarmed Combat
A: horns 2, powered by pain 1
a: Renounce Religion


You were on level 8 of the Dungeon.
You worshipped Wu Jian.
Wu Jian was aware of your devotion.
You visited 2 branches of the dungeon, and saw 10 of its levels.

You collected 410 gold pieces.

Inventory:

Hand Weapons
 a - a +0 war axe (weapon)
 g - a +0 hunting sling
 h - a +0 spear
Missiles
 i - 129 arrows
 m - 134 stones
 o - 6 atropa-tipped darts
 p - 26 poisoned darts (quivered)
 q - 20 sling bullets
 A - 12 bolts
Armour
 c - a +0 buckler (worn)
 e - a +0 pair of gloves of infusion (worn)
 k - a +2 cloak (worn)
 r - +0 acid dragon scales (worn)
Jewellery
 j - a ring of wizardry
 t - an amulet of guardian spirit (around neck)
Wands
 z - a wand of polymorph (9)
Scrolls
 n - 6 scrolls of teleportation
 v - a scroll of magic mapping
 y - a scroll of enchant armour {unknown}
 B - 2 scrolls of identify
Potions
 b - 3 potions of magic
 d - 3 potions of might
 f - a potion of haste {unknown}
 l - 4 potions of curing
 s - a potion of ambrosia
 u - a potion of brilliance
 w - 2 potions of invisibility
 x - 2 potions of heal wounds {unknown}


   Skills:
 + Level 3.3 Fighting
 * Level 11.5 Axes
 + Level 3.2 Armour
 + Level 2.3 Stealth
 + Level 4.2 Shields


You had 8 spell levels left.
You didn't know any spells.
Your spell library contained the following spells:

 Spells                   Type           Power      Damage    Failure   Level
 Sandblast                Erth           0%         2d4       45%         1
 Shock                    Conj/Air       0%         1d3       45%         1
 Passwall                 Tmut/Erth      0%         N/A       61%         2
 Stone Arrow              Conj/Erth      0%         3d7       83%         3
 Swiftness                Air            0%         N/A       83%         3
 Airstrike                Air            0%         N/A       99%         4


Dungeon Overview and Level Annotations

Branches:
Dungeon (9/15)             Temple (1/1) D:6
   Lair: D:8-11         Orc: D:9-12

Altars:
Ashenzari
Cheibriados
Dithmenos
Elyvilon
Fedhas
Gozag
Hepliaklqana
Kikubaaqudgha
Makhleb
Nemelex Xobeh
Okawaru
Qazlal
Ru
Sif Muna
Trog
Uskayaw
Vehumet
Wu Jian
Xom
Yredelemnul
Zin
The Shining One
Beogh

Shops:
D:6 (:

Annotations:
D:5 3 runed translucent doors, exclusions: 3 doors and scorpion, DEFE's ghost, novice VSBr
D:6 Grinder
D:7 exclusion: downstairs
D:8 exclusions: downstairs, killer bee and two-headed ogre
D:9 Harold; Joseph


Innate Abilities, Weirdness & Mutations

You have a pair of horns on your head.
You sometimes gain a little power by taking damage.


Message History

Found 5 gold pieces and a scroll labelled ORIOTR WOCRE.
i - 129 arrows (gained 11)
A killer bee and a two-headed ogre come into view.
Press: ? - help, . - travel You can't see that place. [the floor.] Placed new exclusion.
A cyclops comes into view.
The cyclops shouts!
You hear a shout! x3; You hear an angry buzzing noise.
You hear a shout!
A kobold comes into view. It is wielding a +0 whip.
The cyclops throws a large rock.
The large rock hits you!!
You focus on the pain.
You feel very mighty all of a sudden.
A killer bee comes into view.
A deep elf pyromancer comes into view. It is wielding a +0 rapier of flaming.
The killer bee buzzes angrily.
You hear an angry buzzing noise. x2
The cyclops throws a large rock.
The large rock barely misses you.
A kobold brigand comes into view.
It is wielding a +0 short sword and quivering poisoned darts.
A centaur warrior comes into view.
The centaur warrior shouts!
The centaur warrior wields a +0 shortbow.
The centaur warrior shoots an arrow.
The arrow hits you.
The centaur warrior shoots an arrow.
The arrow hits you.
The centaur warrior shoots an arrow.
The arrow hits you!
You focus on the pain.
You feel your power returning.
You hear a shout!
A killer bee comes into view.
The killer bee buzzes angrily.
You hear an angry buzzing noise.
The killer bee stings you but does no damage.
You block the killer bee's attack. The killer bee closely misses you.
A killer bee comes into view.
The centaur warrior shoots an arrow.
The arrow hits you.
As you read the scroll of teleportation, it crumbles to dust.
You feel strangely unstable.
The centaur warrior shoots an arrow.
The arrow hits you!!
* * * LOW HITPOINT WARNING * * *
The centaur warrior shoots an arrow.
The arrow hits you!!
You die...

....# #.# #..)# ...##
#.# ###...# ...O ...#
#####.######......
.... #..#
#.................
...y #..#
#.########.#>.....
.... #.c####.####
#.###...# ....
#..........# ##.#
#...# .?..
#.#####.##.# #..#
##### ....######.#
#@##.# #.##
.$.........# #.##.#
#)#
#####....#######.##.#
#.#
####C....yyyyc.c.##.#
#.#
..........#########.#
#.# ####.....##
#.####.# ##...##
#......# ##.##
######## #.#


You could see a centaur warrior.

Vanquished Creatures
  6 yaks
  2 vampire mosquitoes (D:7)
  2 sky beasts
  An ice beast (D:5)
  A black bear (D:5)
  A necrophage (D:5)
  2 centaurs
  4 ogres (D:5)
  A bullfrog (D:7)
  2 scorpions
  A howler monkey (D:6)
  6 hounds
  2 jellies
  An orc priest (D:7)
  2 gnoll shamans (D:7)
  4 iguanas
  4 centaur skeletons
  3 orc wizards (D:7)
  A hound skeleton (D:5)
  11 gnolls
  A howler monkey skeleton (D:4)
  2 adders
  A shadow imp (D:7)
  3 white imps (D:6)
  A dart slug (D:3)
  4 orcs
  A bat (D:1)
  4 endoplasms
  3 giant cockroaches
  3 goblins
  11 hobgoblins
  4 kobolds
  3 quokkas (D:4)
  6 ball pythons
  7 frilled lizards
  5 rats
116 creatures vanquished.

Notes
Turn   | Place    | Note
-------+----------+-------------------------------------------
     0 | D:1      | yoda5477 the Demonspawn Fighter began the quest for the
                  | Orb.
     0 | D:1      | Reached XP level 1. HP: 18/18 MP: 1/1
   108 | D:1      | Reached skill level 2 in Axes
   227 | D:1      | Gained mutation: You have a pair of small horns on your
                  | head. [demonic ancestry]
   227 | D:1      | Reached XP level 2. HP: 24/24 MP: 2/2
   572 | D:2      | Reached skill level 3 in Axes
   572 | D:2      | Reached XP level 3. HP: 15/29 MP: 3/3
   866 | D:2      | Found a faded altar of an unknown god.
  1235 | D:3      | Gained mutation: You have a pair of horns on your head.
                  | [demonic ancestry]
  1235 | D:3      | Reached XP level 4. HP: 35/35 MP: 4/4
  1363 | D:5      | Entered Level 5 of the Dungeon
  1399 | D:4      | Noticed a centaur
  1406 | D:4      | Killed a centaur
  1407 | D:4      | Reached skill level 4 in Axes
  1407 | D:4      | Reached XP level 5. HP: 11/41 MP: 5/5
  1716 | D:5      | Identified a scroll of acquirement
  1716 | D:5      | Acquired a +0 pair of gloves of infusion
  1771 | D:4      | Found a basalt altar of Yredelemnul.
  1771 | D:4      | Found a faded altar of an unknown god.
  1780 | D:4      | Found a hide-covered altar of Uskayaw.
  1781 | D:4      | Found a broken altar of Ashenzari.
  1880 | D:4      | Found an ancient bone altar of Kikubaaqudgha.
  2067 | D:4      | Reached skill level 5 in Axes
  2219 | D:4      | Reached XP level 6. HP: 42/47 MP: 0/6
  2269 | D:4      | Found an iron altar of Okawaru.
  3259 | D:6      | Found a staircase to the Ecumenical Temple.
  3268 | Temple   | Entered the Ecumenical Temple
  3290 | Temple   | Became a worshipper of the Wu Jian Council
  3514 | D:5      | Reached skill level 6 in Axes
  3561 | D:5      | Found a runed translucent gate.
  3561 | D:5      | Noticed DEFE's ghost (novice VSBr)
  3562 | D:5      | Found a runed translucent gate.
  3563 | D:5      | Found a runed translucent gate.
  3678 | D:5      | Reached XP level 7. HP: 52/52 MP: 0/7
  3922 | D:5      | Reached skill level 7 in Axes
  4312 | D:5      | Reached skill level 8 in Axes
  4414 | D:5      | Reached XP level 8. HP: 58/58 MP: 0/8
  5196 | D:6      | Found Idiful's Weapon Shop.
  5199 | D:6      | Upgraded the game from 0.28-a0-1080-g05a166d0ed to
                  | 0.28-a0-1087-gf3fc490d9d
  5303 | D:6      | Reached skill level 9 in Axes
  5303 | D:6      | Reached skill level 1 in Stealth
  5516 | D:6      | Found Asaud's Book Emporium.
  5821 | D:6      | Noticed Grinder
  6177 | D:7      | Reached * piety under Wu Jian
  6265 | D:7      | Reached skill level 10 in Axes
  6414 | D:8      | Noticed a gargoyle
  6460 | D:7      | Gained mutation: You sometimes gain a little power by
                  | taking damage. [demonic ancestry]
  6460 | D:7      | Reached XP level 9. HP: 5/63 MP: 0/9
  7613 | D:7      | Reached skill level 11 in Axes
  7807 | D:9      | Noticed Joseph
  7808 | D:9      | Noticed a two-headed ogre
  8368 | D:9      | Noticed Harold
  8452 | D:8      | Noticed a two-headed ogre
  8468 | D:8      | Noticed a cyclops
  8470 | D:8      | Noticed a deep elf pyromancer
  8487 | D:8      | Noticed a centaur warrior
  8501 | D:8      | Shot with an arrow by a centaur warrior

Illustrated notes

Levels and vault maps discovered:
D:1:      dpeg_arrival_tiny_g, layout_basic
D:2:      layout_loops_ring, shapermc_ecumenical_altar_mp_ritualfount,
          corexii_leaking_fountain, skrybe_limestone_x, minmay_quadrilaterals
D:3:      layout_basic, corexii_shack
D:4:      layout_loops_ring, amcnicky_altar_gilded, okawaru_ov_weapons_minmay,
          chequers_temple_overflow_minitemple
D:5:      black_bear_nest_1, layout_loops_ring, biasface_ghost_orc_armoury
D:6:      layout_gridville, minmay_temple_entry_sparse_star, serial_shops,
          kennysheep_mini_moat, shop, uniq_grinder
D:7:      layout_rooms, minmay_misc_feat_square
D:8:      minmay_cut_squares, layout_loops_ring, uniq_maurice
D:9:      layout_small_grid, erik_lair_island, grunt_ministairs_9, uniq_maggie,
          uniq_joseph, uniq_harold
Temple:   regret_index_temple_sphere_string

Skill      XL: |  1  2  3  4  5  6  7  8  9 |
---------------+----------------------------+-----
Axes           | 2 3 4 5 6 8 10 11 | 11.5
Shields        | 3 4 |  4.2
Stealth        | 1 2 |  2.3
Armour         | 3 |  3.2
Fighting       | |  3.3

Action                   |  1- 3 |  4- 6 |  7- 9 || total
-------------------------+-------+-------+-------++-------
Melee: War axe           |    73 |    94 |   211 ||   378
       Headbutt          |     6 |    22 |    52 ||    80
Throw: Dart              |       |     8 |    16 ||    24
       Stone             |       |     6 |       ||     6
Invok: Lunge             |       |       |    21 ||    21
       Whirlwind         |       |       |    38 ||    38
  Use: Scroll            |       |     8 |     3 ||    11
       Potion            |       |     1 |       ||     1
 Stab: Sleeping          |       |       |     2 ||     2
Armor: Scale mail        |    25 |     1 |       ||    26
       Acid dragon scale |       |    38 |    86 ||   124
Dodge: Dodged            |    30 |    46 |    87 ||   163
Block: Buckler           |     8 |    19 |    35 ||    62

Table legend: (Time is in decaauts)
 A = Elapsed time spent in this place.
 B = Non-inter-level travel time spent in this place.
 C = Inter-level travel time spent in this place.
 D = Time resting spent in this place.
 E = Time spent auto-exploring this place.
 F = Levels seen in this place.
 G = Mean time per level.
                   A        B        C        D        E       F      G
               +--------+--------+--------+--------+--------+-----+--------+
         Total |   8599 |   8431 |    168 |   2815 |   1930 |  10 |  859.9 |
       Dungeon |   8432 |   8285 |    147 |   2815 |   1806 |   9 |  936.9 |
        Temple |    166 |    145 |     21 |      0 |    124 |   1 |  166.0 |
               +--------+--------+--------+--------+--------+-----+--------+

Top non-repeatable levels by time:
     D:7: 1839 daAuts
     D:5: 1524 daAuts
     D:4: 1432 daAuts
     D:6: 1285 daAuts
     D:2: 820 daAuts
     D:3: 733 daAuts
     D:8: 407 daAuts
     D:1: 384 daAuts
  Temple: 166 daAuts
     D:9: 4 daAuts
